 Dungeon Crawl Stone Soup version 0.30-a0-779-g7971cf19c3 (webtiles) character file.

Game seed: 17160118272017715515

112 Adverbial the Caller (level 4, -1/25 (28) HPs)
             Began as an Octopode Summoner on Feb 17, 2023.
             Slain by a wight
             ... wielding a +0 trident
              (5 damage)
             ... on level 6 of the Dungeon.
             The game lasted 00:08:09 (588 turns).

Adverbial the Caller (Octopode Summoner)             Turns: 588, Time: 00:08:09

HP:   -1/25 (28)    AC:  8    Str:  7    XL:     4   Next: 95%
MP:   4/7           EV: 13    Int: 19    God:
Gold: 37            SH:  0    Dex: 12    Spells: 3/7 levels left

rFire   . . .      SeeInvis .    h - +4 flail (protect)
rCold   . . .      Faith    .    (no shield)
rNeg    . . .      Spirit   .    (helmet restricted)
rPois   .          Reflect  .    (no amulet)
rElec   .          Harm     .    (no ring)
rCorr   .          Rampage  .    (no ring)
Will    .....                    (no ring)
Stlth   +++                      (no ring)
HPRegen 0.24/turn                (no ring)
MPRegen 0.10/turn                (no ring)
                                 (no ring)
                                 (no ring)

@: under a protective aura, very slightly contaminated, heavily drained
A: almost no armour, amphibious, 8 rings, camouflage 1, gelatinous body 1,
(nimble swimmer 1), tentacles
a: no special abilities


You were on level 6 of the Dungeon.
You visited 1 branch of the dungeon, and saw 4 of its levels.

You collected 37 gold pieces.

Inventory:

Hand Weapons
 d - a +0 mace
 h - a +4 flail of protection (weapon)
Armour
 e - a +0 cloak
Scrolls
 f - 2 scrolls of identify {unknown}
 g - a scroll of teleportation {unknown}
Potions
 a - a potion of magic
 b - a potion of curing {unknown}
 c - a potion of degeneration {unknown}


   Skills:
 + Level 1.4 Fighting
 + Level 2.7 Dodging
 + Level 3.9 Stealth
 + Level 2.4 Spellcasting
 * Level 4.7 Summonings


You had 3 spell levels left.
You knew the following spells:

 Your Spells              Type           Power      Damage    Failure   Level
a - Summon Small Mammal   Summ           80%        N/A       2%          1
b - Summon Guardian Gole  Hex/Summ       11%        N/A       19%         3

Your spell library contained the following spells:

 Spells                   Type           Power      Damage    Failure   Level
 Call Imp                 Summ           20%        N/A       3%          2
 Call Canine Familiar     Summ           20%        N/A       7%          3
 Kiss of Death            Conj/Necr      8%         2d6       16%         1
 Confusing Touch          Hex            2%         N/A       43%         3
 Portal Projectile        Hex/Tloc       4%         N/A       43%         3
 Tukima's Dance           Hex            2%         N/A       43%         3
 Summon Lightning Spire   Summ/Air       11%        N/A       52%         4
 Dispel Undead            Necr           2%         3d7       85%         4
 Blade Hands              Tmut           1%         N/A       99%         5


Dungeon Overview and Level Annotations

Branches:
Dungeon (4/15)
 Temple: D:4-7

Altars:


Innate Abilities, Weirdness & Mutations

You cannot wear most types of armour.
You are amphibious.
You can wear up to eight rings at the same time.
Your skin changes colour to match your surroundings (Stealth+).
Your rubbery body absorbs attacks. (AC +1, EV +1)
((You are camouflaged when in or above water. (Stealth+)))
You have tentacles for arms and can constrict up to eight enemies at once.


Message History

The iguana is heavily wounded.
You constrict the iguana. The iguana bites you!
* * * LOW HITPOINT WARNING * * *
The iguana closely misses you.
You sock the iguana!
You kill the iguana!
You see here an iguana corpse.
You start resting.
A wight is nearby!
Sorry, you're not good enough to have a special ability.
Casting: Summon Guardian Golem (quite dangerous; 19% risk of failure)
Confirm with . or Enter, or press ? or * to list all spells.
The spell is quite dangerous to miscast (19% risk of failure)!
Continue anyway?
You miscast Summon Guardian Golem.
You are very lightly contaminated with residual magic.
Nothing appears to happen.
The wight hits you from afar with a +0 trident.
* * * LOW HITPOINT WARNING * * *
You feel drained.
* * * LOW HITPOINT WARNING * * *
The wight misses you.
You hit the wight.
Your weapon exudes an aura of protection.
Your grab misses the wight.
You squeeze the wight, but do no damage.
The wight is moderately damaged.
The wight hits you with a +0 trident.
* * * LOW HITPOINT WARNING * * *
You feel drained. The wight closely misses you.
You hit the wight but do no damage. You grab the wight.
The wight is moderately damaged.
You constrict the wight, but do no damage.
A scorpion comes into view.
The wight barely misses you.
You hit the wight but do no damage.
You tentacle-slap the wight, but do no damage.
The wight is moderately damaged.
You constrict the wight, but do no damage.
The wight hits you with a +0 trident.
You die...

################
##...).....).....
##................
#....##...###...##
#.#.###.#.# #.#.##
#.#.# #...# #..(##
#.#.. .###. .###..
#†#..#. .#. #.#
#@#.... #.# #..
#.z.### .#.#..##
#...# # #.#
~~≈≈~#.#s###
.#.#..##
.~≈≈~....... #.#
#.. .~≈≈~.....#.
.#. #.#
.~≈≈~.......###.
.###..
#.~~≈≈~....###...#
#...##
#.~≈≈~~....###.#.#
#.#.##


You could see a scorpion and a wight.

Vanquished Creatures
  A bullfrog (D:6)
  An iguana (D:6)
  2 orcs (D:6)
  A ball python (D:1)
  2 endoplasms (D:1)
  A giant cockroach (D:1)
  A goblin (D:4)
  A hobgoblin (D:1)
  6 jackals (D:1)
  A quokka (D:1)
  A frilled lizard (D:1)
  A kobold (D:1)
19 creatures vanquished.

Notes
Turn   | Place    | Note
-------+----------+-------------------------------------------
     0 | D:1      | Adverbial the Octopode Summoner began the quest for the
                  | Orb.
     0 | D:1      | Reached XP level 1. HP: 11/11 MP: 3/3
   164 | D:1      | Reached XP level 2. HP: 13/18 MP: 5/5
   334 | D:2      | You fall into a shaft and drop 2 floors!
   401 | D:4      | You fall into a shaft and drop 2 floors!
   493 | D:6      | Noticed a bullfrog
   501 | D:6      | Killed a bullfrog
   502 | D:6      | Reached skill level 1 in Fighting
   502 | D:6      | Reached XP level 3. HP: 12/23 MP: 6/6
   502 | D:6      | Reached XP level 4. HP: 15/28 MP: 7/7
   510 | D:6      | Learned a level 3 spell: Summon Guardian Golem
   587 | D:6      | Noticed a scorpion
   588 | D:6      | Slain by a wight

Illustrated notes

Levels and vault maps discovered:
D:1:      ncdulo_wetmaze, layout_basic
D:2:      layout_loops_ring, st_stairs_2, uniq_jessica, uniq_natasha
D:4:      layout_gridville, nicolae_grassy_gnolls
D:6:      wander_river, layout_gridville, gammafunk_temple_overflow_claw,
          mainiacjoe_overflow_alcove_4,
          chequers_temple_overflow_statue_of_worship, gup_sewer_entry_pipe,
          minmay_starry_boxes

Skill      XL: |  1  2 |
---------------+-------+-----
Stealth        | 3 |  3.9
Fighting       | 1 |  1.4
Dodging        | |  2.7
Spellcasting   | |  2.4
Summonings     | |  4.7

Action                     |  1- 3 |  4- 6 || total
---------------------------+-------+-------++-------
  Melee: Unarmed           |    16 |       ||    16
         Constrict         |    14 |     2 ||    16
         Tentacles         |    12 |     1 ||    13
         Mace              |    26 |       ||    26
         Flail             |     4 |     9 ||    13
         Punch             |       |     2 ||     2
   Cast: Summon Small Mamm |     1 |       ||     1
 Armour: Skin              |    11 |       ||    11
  Dodge: Dodged            |    48 |     7 ||    55

Table legend: (Time is in decaauts)
 A = Elapsed time spent in this place.
 B = Non-inter-level travel time spent in this place.
 C = Inter-level travel time spent in this place.
 D = Time resting spent in this place.
 E = Time spent auto-exploring this place.
 F = Levels seen in this place.
 G = Mean time per level.
                   A        B        C        D        E       F      G
               +--------+--------+--------+--------+--------+-----+--------+
         Total |    601 |    601 |      0 |     30 |      0 |   4 |  150.2 |
       Dungeon |    601 |    601 |      0 |     30 |      0 |   4 |  150.2 |
               +--------+--------+--------+--------+--------+-----+--------+

Top non-repeatable levels by time:
     D:1: 315 daAuts
     D:6: 192 daAuts
     D:4: 67 daAuts
     D:2: 25 daAuts
